 Dungeon Crawl Stone Soup version 0.32-a0-612-g1c984fe9d1 (webtiles) character file.

Game seed: 16435485586324574051

176 dolemite99 the Chopper (level 5, -2/41 HPs)
             Began as a Coglin Monk on Mar 5, 2024.
             Slain by a gnoll
             ... wielding a +0 halberd
              (11 damage)
             ... on level 3 of the Dungeon.
             The game lasted 00:02:09 (2055 turns).

dolemite99 the Chopper (Coglin Monk)                Turns: 2055, Time: 00:02:10

Health: -2/41      AC:  6    Str: 13    XL:     5   Next: 56%
Magic:  5/5        EV: 10    Int: 10    God:
Gold:   95         SH:  0    Dex: 16    Spells: 4/4 levels left

rFire   . . .        a - +0 hand axe {Iwao}
rCold   . . .        i - +0 war axe {Chikashi}
rNeg    . . .        m - +0 scale mail
rPois   .            (no helmet)
rElec   .            (no cloak)
rCorr   .            (no gloves)
SInv    .            (no boots)
Will    .....        (amulet unavailable) Stlth
                     (ring unavailable)
HPRegen 0.26/turn    (ring unavailable)
MPRegen 0.09/turn    (no gizmo)

%: no passive effects
@: no status effects
A: off-hand wielding, slow wielding, warmup strikes, no jewellery
a: Invent Gizmo


You were on level 3 of the Dungeon.
You visited 1 branch of the dungeon, and saw 3 of its levels.

You collected 95 gold pieces.

Inventory:

Hand Weapons
 a - a +0 hand axe (weapon) {Iwao}
 i - a +0 war axe (offhand) {Chikashi}
 n - a +2 spear of venom
Missiles
 h - 12 boomerangs
Armour
 d - an orb of light
 j - a +0 ring mail
 m - a +0 scale mail (worn)
Scrolls
 b - a scroll of amnesia {unknown}
 e - a scroll of enchant weapon {unknown}
 g - a scroll of teleportation {unknown}
 k - a scroll of revelation
 l - a scroll of poison
Potions
 c - 2 potions of ambrosia


   Skills:
 - Level 3.0 Fighting
 + Level 6.1 Axes
 - Level 2.6 Dodging


You had 4 spell levels left.
You didn't know any spells.
Your spell library contained the following spells:

 Spells                   Type           Power      Damage    Failure   Level
 Frozen Ramparts          Ice            0%         1d1       99%         3
 Leda's Liquefaction      Alch/Erth      0%         N/A       100%        4
 Petrify                  Alch/Erth      0%         N/A       100%        4
 Metabolic Englaciation   Hex/Ice        0%         N/A       100%        5


Dungeon Overview and Level Annotations

Branches:
Dungeon (3/15)

Altars:
Kikubaaqudgha

Annotations:
D:2 1 runed translucent door, Crazy Yiuf


Innate Abilities, Weirdness & Mutations

You can wield a second weapon in your off-hand.
It takes a long time for you to wield or remove held weapons.
Your first few attacks do less damage.
You cannot equip rings or amulets.


Message History

You closely miss the water moccasin with your +0 war axe.
The water moccasin barely misses you. The gnoll barely misses you.
The water moccasin barely misses you.
You hit the water moccasin but do no damage.
The water moccasin is heavily wounded.
You closely miss the water moccasin with your +0 war axe.
The water moccasin barely misses you. The gnoll closely misses you.
You hit the water moccasin with your +0 hand axe.
The water moccasin is severely wounded.
You closely miss the water moccasin with your +0 war axe.
The water moccasin closely misses you. The gnoll closely misses you.
The water moccasin bites you.
You closely miss the water moccasin with your +0 war axe.
The water moccasin is severely wounded.
You hit the water moccasin with your +0 hand axe.
The water moccasin bites you. The gnoll barely misses you.
You slash the water moccasin with your +0 war axe!
You kill the water moccasin!
The gnoll hits you from afar with a +0 halberd.
The gnoll barely misses you.
Your Axes skill increases to level 6!
You have reached level 5!
The gnoll attacks as it pursues you! The gnoll closely misses you.
You see here 16 gold pieces.
The gnoll attacks as it pursues you!
The gnoll hits you from afar with a +0 halberd!
* * * LOW HITPOINT WARNING * * *
An orc comes into view. It is wielding a +0 club.
The orc shouts!
You hear a shout! x3
An orc comes into view. It is wielding a +0 flail.
An orc comes into view. It is wielding a +0 dagger.
The gnoll attacks as it pursues you! The gnoll closely misses you.
The gnoll barely misses you.
Okay, then.
The gnoll attacks as it pursues you!
The gnoll hits you from afar with a +0 halberd.
* * * LOW HITPOINT WARNING * * *
The gnoll attacks as it pursues you!
The gnoll hits you from afar with a +0 halberd!
You die... #...o# .... # #.#..######..... .##...o........PP #? ..###..o#$##..PP PPP

#.#. #.g##.##..PP ...
#..###.o##.†#..PP....
r#
#..g..###g#..PP..ßß
#. #.#..##
#o#..PP..ß. .###.@..#
#.#..PP..ß. #...###.#
#w.......ß. #.#.###.#
###.)..$...
..###...##..#
##w#####.
...........## #g#
######)##.## #.#
#..o..## #.# ####...#
#g# #...### #o#


You could see 2 gnolls and 2 orcs.

Vanquished Creatures
  A water moccasin (D:3)
  A gnoll (D:3)
  An adder (D:3)
  A ribbon worm (D:3)
  3 endoplasms
  A giant cockroach (D:3)
  7 hobgoblins
  8 jackals (D:1)
  4 kobolds
  A quokka (D:1)
  4 ball pythons
  7 bats
  4 goblins
  3 rats
46 creatures vanquished.

Notes
Turn   | Place    | Note
-------+----------+-------------------------------------------
     0 | D:1      | dolemite99 the Coglin Monk began the quest for the Orb.
     0 | D:1      | Reached XP level 1. HP: 18/18 MP: 1/1
    69 | D:1      | Reached XP level 2. HP: 15/24 MP: 2/2
   334 | D:1      | Reached skill level 4 in Axes
   339 | D:1      | Reached XP level 3. HP: 22/29 MP: 3/3
   940 | D:2      | Found a faded altar of an unknown god.
  1116 | D:2      | Found a runed translucent door.
  1117 | D:2      | Noticed Crazy Yiuf
  1585 | D:3      | Reached XP level 4. HP: 35/35 MP: 4/4
  1685 | D:3      | Found an ancient bone altar of Kikubaaqudgha.
  1709 | D:3      | Noticed a water moccasin
  2027 | D:3      | Reached skill level 5 in Axes
  2044 | D:3      | Killed a water moccasin
  2045 | D:3      | Reached skill level 6 in Axes
  2045 | D:3      | Reached XP level 5. HP: 23/41 MP: 5/5
  2055 | D:3      | Slain by a gnoll

Illustrated notes

Levels and vault maps discovered:
D:1:      lemuel_arrival_rhombus, layout_basic
D:2:      layout_basic, shapermc_ecumenical_altar_gd, uniq_crazy_yiuf_cottage
D:3:      layout_loops_ring, nicolae_overflow_hidden_temple,
          mainiacjoe_overflow_chevrons, minmay_starry_boxes

Skill      XL: |  1  2  3  4 |
---------------+-------------+-----
Axes           | 4 6 |  6.1
Fighting       | |  3.0
Dodging        | |  2.6

Action                     |  1- 3 |  4- 6 || total
---------------------------+-------+-------++-------
  Melee: Hand axe          |    94 |    24 ||   118
         War axe           |       |     8 ||     8
    Use: Scroll            |       |     3 ||     3
         Potion            |       |     1 ||     1
 Armour: Robe              |    38 |       ||    38
         Ring mail         |    17 |       ||    17
         Scale mail        |    12 |    47 ||    59
  Dodge: Dodged            |    81 |    26 ||   107

Table legend: (Time is in decaauts)
 A = Elapsed time spent in this place.
 B = Non-inter-level travel time spent in this place.
 C = Inter-level travel time spent in this place.
 D = Time resting spent in this place.
 E = Time spent auto-exploring this place.
 F = Levels seen in this place.
 G = Mean time per level.
                   A        B        C        D        E       F      G
               +--------+--------+--------+--------+--------+-----+--------+
         Total |   2066 |   2043 |     23 |    640 |    949 |   3 |  688.7 |
       Dungeon |   2066 |   2043 |     23 |    640 |    949 |   3 |  688.7 |
               +--------+--------+--------+--------+--------+-----+--------+

Top non-repeatable levels by time:
     D:2: 1188 daAuts
     D:1: 660 daAuts
     D:3: 218 daAuts
